 Dungeon Crawl Stone Soup version 0.18-a0-1347-gb9e2fb4 (webtiles) character file.

60 gorblad the Skirmisher (level 4, -7/42 HPs)
             Began as a Naga Gladiator on Feb 18, 2016.
             Mangled by WarriorsX's ghost (14 damage)
             ... on level 3 of the Dungeon.
             The game lasted 00:04:14 (2392 turns).

gorblad the Skirmisher (Naga Gladiator)             Turns: 2392, Time: 00:04:14

Health: -7/42      AC:  2    Str: 19    XL:     4   Next: 4%
Magic:  4/4        EV: 10    Int:  6    God:
Gold:   54         SH:  0    Dex: 11    Spells: 0 memorised, 3 levels left

rFire  . . .     SeeInvis +     a - +0 trident
rCold  . . .     Gourm    .     b - +0 leather armour
rNeg   . . .     Faith    .     (no shield)
rPois  +         Spirit   .     (helmet restricted)
rElec  .         Dismiss  .     (no cloak)
rCorr  .         Reflect  .     (no gloves)
SustAt .         Harm     .     (no barding)
MR     .....                    (no amulet)
Stlth  +.........               (no ring)
                                (no ring)

@: very slow, not resistant to hostile enchantments, very unstealthy
A: horns 1, see invisible, deformed body, dopey 1, poison resistance, slowness
2, slow metabolism 1, spit poison 2, AC +1
a: Spit Poison


You were on level 3 of the Dungeon.
You were hungry.

You visited 1 branch of the dungeon, and saw 3 of its levels.

You collected 54 gold pieces.

Inventory:

Hand Weapons
 a - a +0 trident (weapon)
Missiles
 d - 3 throwing nets (quivered)
Armour
 b - a +0 leather armour (worn)
 c - a +1 helmet
Wands
 m - a wand of digging (1/24)
Scrolls
 e - a scroll of amnesia
 h - 2 scrolls of identify
 j - a scroll of magic mapping {unknown}
Potions
 n - a potion of flight
Comestibles
 f - a bread ration
 g - 3 meat rations
 i - a slice of pizza
 k - 2 chunks of flesh


   Skills:
 + Level 3.4 Fighting
 - Level 3.0 Polearms
 - Level 1.7 Throwing
 - Level 3.1 Dodging


You had 3 spell levels left.
You didn't know any spells.

Dungeon Overview and Level Annotations

Branches:
Dungeon (3/15)

Altars:
Pakellas

Annotations:
D:3 WarriorsX's ghost, amateur HuFi


Innate Abilities, Weirdness & Mutations

You cannot wear boots.
Your serpentine skin is tough (AC +1).
You have supernaturally acute eyesight.
Armour fits poorly on your strangely shaped body.
Your system is resistant to poisons.
You cover ground very slowly.
You have a slow metabolism.
You can spit poison.
You have a pair of small horns on your head.
You are dopey. (Int -2)


Message History

WarriorsX's ghost misses you.
You hit WarriorsX's ghost but do no damage.
WarriorsX's ghost is lightly damaged.
WarriorsX's ghost hits you. WarriorsX's ghost closely misses you.
WarriorsX's ghost hits you. WarriorsX's ghost hits you.
You barely miss WarriorsX's ghost. WarriorsX's ghost hits you!
* * * LOW HITPOINT WARNING * * *
WarriorsX's ghost says, "Live by the sword, die by the sword."
WarriorsX's ghost hits you.
* * * LOW HITPOINT WARNING * * *
Drink which item? (? for menu, Esc to quit)
You feel extremely strange.
You feel stupid. A pair of horns grows on your head!
Your +1 helmet falls away!
WarriorsX's ghost hits you but does no damage.
You barely miss WarriorsX's ghost. WarriorsX's ghost barely misses you.
You hit WarriorsX's ghost but do no damage.
WarriorsX's ghost hits you!
You die...

### #.. #.# .#
#.#### .. #....#
### #.###....# # ..
#..##....#
.##.##.##.#####.# +
.......).W@...>#
.#.##.##.##.##.####
....%.......# .#
........#.### .#
........#.# .#
........#.. .#
........#... .#
##.###....... .# #
#.(....##


You could see WarriorsX's ghost.

Vanquished Creatures
  A worm (D:2)
  3 giant geckos
  2 ball pythons (D:2)
  6 goblins
  9 hobgoblins
  8 jackals
  7 kobolds
  A quokka (D:2)
  4 bats
  A giant newt (D:2)
  4 rats
46 creatures vanquished.

Vanquished Creatures (others)
  5 toadstools (D:1)
5 creatures vanquished.

Grand Total: 51 creatures vanquished

Notes
Turn   | Place    | Note
--------------------------------------------------------------
     0 | D:1      | gorblad the Naga Gladiator began the quest for the Orb.
     0 | D:1      | Reached XP level 1. HP: 19/19 MP: 1/1
   573 | D:1      | Reached XP level 2. HP: 26/26 MP: 2/2
  1284 | D:1      | Reached XP level 3. HP: 31/33 MP: 3/3
  1937 | D:2      | Found an oddly glowing altar of Pakellas.
  2324 | D:2      | Reached XP level 4. HP: 39/42 MP: 4/4
  2373 | D:3      | Noticed WarriorsX's ghost (amateur HuFi)
  2390 | D:3      | Gained mutation: You are dopey. (Int -2) [potion of mutation]
  2390 | D:3      | Gained mutation: You have a pair of small horns on your head. [potion of mutation]
  2392 | D:3      | Mangled by WarriorsX's ghost

Vault maps used:
D:1:      ldierk_walled_garden, minmay_distorted
D:2:      johnstein_pakellas_dig
D:3:      first_bread, minmay_divided_ellipse

Action                   |  1- 3 |  4- 6 || total
-------------------------+-------+-------++-------
Melee: Trident           |   166 |    19 ||   185
 Abil: Spit Poison       |       |     1 ||     1
  Use: Scroll            |     3 |     4 ||     7
       Potion            |       |     1 ||     1
 Stab: Sleeping          |     1 |       ||     1
  Eat: Chunk             |     3 |       ||     3
